 Dungeon Crawl Stone Soup version 0.29-a0-271-gd4eb659eea (webtiles) character file.

Game seed: 10817296541105257117

515 siradein the Caller (level 7, -5/57 HPs)
             Began as a Black Draconian Summoner on Mar 8, 2022.
             Was an Initiate of Kikubaaqudgha.
             Slain by an ogre
             ... wielding a +0 giant club
              (10 damage)
             ... on level 5 of the Dungeon.
             The game lasted 00:13:15 (5851 turns).

siradein the Caller (Black Draconian Summoner)      Turns: 5851, Time: 00:13:16

Health: -5/57      AC:  7    Str: 11    XL:     7   Next: 0%
Magic:  10/12      EV: 12    Int: 17    God:    Kikubaaqudgha [......]
Gold:   210        SH:  0    Dex: 11    Spells: 7/13 levels left

rFire   . . .      SeeInvis .   b - +0 flail
rCold   . . .      Faith    .   (no shield)
rNeg    + . .      Spirit   .   (body armour unavailable)
rPois   +          Reflect  .   (helmet restricted)
rElec   +          Harm     .   (no cloak)
rCorr   .          Rampage  .   n - +0 pair of gloves
Will    .....                   (no boots)
Stlth   ++........              (no amulet)
HPRegen 0.19/turn               f - ring of positive energy
MPRegen 0.13/turn               m - ring of poison resistance

@: no status effects
A: breathe lightning, AC +6, unfitting armour, electricity resistance,
cold-blooded, screaming 1
a: Breathe Lightning, Renounce Religion


You were on level 5 of the Dungeon.
You worshipped Kikubaaqudgha.
Kikubaaqudgha was noncommittal.
You visited 1 branch of the dungeon, and saw 5 of its levels.

You collected 210 gold pieces.

Inventory:

Hand Weapons
 b - a +0 flail (weapon)
 q - a +1 long sword of holy wrath
Armour
 n - a +0 pair of gloves (worn)
Jewellery
 f - a ring of positive energy (left hand)
 m - a ring of poison resistance (right hand)
Scrolls
 e - a scroll of brand weapon {unknown}
 g - 2 scrolls of blinking {unknown}
 i - 2 scrolls of immolation {unknown}
 j - 2 scrolls of identify {unknown}
 l - a scroll of enchant weapon {unknown}
 p - a scroll of teleportation {unknown}
Potions
 a - a potion of magic
 c - 2 potions of mutation {unknown}
 d - a potion of haste {unknown}
 h - a potion of flight {unknown}
 k - 3 potions of curing {unknown}
 o - a potion of resistance {unknown}
 r - a potion of heal wounds {unknown}


   Skills:
 + Level 3.4 Fighting
 + Level 2.4 Maces & Flails
 + Level 3.4 Dodging
 - Level 1.7 Stealth
 + Level 3.5 Spellcasting
 + Level 5.2 Summonings
 + Level 0.3 Necromancy


You had 7 spell levels left.
You knew the following spells:

 Your Spells              Type           Power      Damage    Failure   Level
a - Summon Small Mammal   Summ           84%        N/A       1%          1
b - Call Imp              Summ           21%        N/A       2%          2
c - Call Canine Familiar  Summ           21%        N/A       5%          3

Your spell library contained the following spells:

 Spells                   Type           Power      Damage    Failure   Level
 Summon Guardian Golem    Hex/Summ       12%        N/A       17%         3
 Static Discharge         Conj/Air       3%         N/A       26%         2
 Summon Lightning Spire   Summ/Air       12%        N/A       50%         4
 Lightning Bolt           Conj/Air       1%         1d12      99%         5
 Maxwell's Capacitive Co  Air            1%         ∞         100%        8


Dungeon Overview and Level Annotations

Branches:
Dungeon (5/15)
 Temple: D:4-7

Altars:
Kikubaaqudgha
Qazlal

Shops:
D:5 (

Annotations:
D:3 3 runed translucent doors, bande's ghost, amateur GrFi
D:5 Prince Ribbit


Innate Abilities, Weirdness & Mutations

You can breathe wild blasts of lightning.
Your glossy black scales are hard. (AC +6)
You cannot fit into any form of body armour.
You are resistant to electric shocks. (rElec)
You are cold-blooded and may be slowed by cold attacks.
You occasionally shout uncontrollably at your foes.


Message History

Your hound bites Prince Ribbit.
Prince Ribbit croaks regally.
Prince Ribbit barely misses you.
Your hound bites Prince Ribbit.
Unknown command.
Unknown command.
You completely miss Prince Ribbit. You tail-slap Prince Ribbit.
Prince Ribbit is moderately wounded.
Prince Ribbit barely misses you.
Your hound barely misses Prince Ribbit.
Prince Ribbit barely misses you.
Your hound barely misses Prince Ribbit.
Unknown command.
Unknown command.
Unknown command.
You miss Prince Ribbit.
Prince Ribbit is moderately wounded.
Prince Ribbit barely misses you.
Your hound closely misses Prince Ribbit.
Prince Ribbit catches a mouse with his tongue.
Prince Ribbit closely misses you.
Your hound bites Prince Ribbit.
Unknown command.
Unknown command.
You hit Prince Ribbit.
Your tail-slap misses Prince Ribbit.
Prince Ribbit is heavily wounded.
Prince Ribbit hits you!
Your hound misses Prince Ribbit. Prince Ribbit hits you!
* * * LOW HITPOINT WARNING * * *
Unknown command.
Unknown command.
Your hound closely misses Prince Ribbit.
Your hound bites Prince Ribbit.
Something hits your hound.
Prince Ribbit blinks!
Prince Ribbit hits your hound.
Your hound misses Prince Ribbit.
Prince Ribbit closely misses your hound.
Your hound bites Prince Ribbit.
Your hound bites Prince Ribbit.
Prince Ribbit misses your hound.
Your hound barely misses Prince Ribbit.
Prince Ribbit blinks!
The ogre attacks as you move away! The ogre closely misses you.
Items here: )))) [ ††††.
The ogre attacks as you move away! The ogre hits you with a +0 giant club!
You die...
Kikubaaqudgha rasps: "You have failed me!
Welcome... death!"

....# ... .. ....... ....#
#.# .#....... ...#
###.##.#.#....#
#.######........#....#
#......O.#...........#
.##)#######h....###...#
.5........§.#.###.....#
..........###.##)..<..####
..........5.h..O@.∩........
.#........###.#.###########
..$..................#
.........)...........#
..........#..........#
..........###.#.######
......... ..... ####...
##.#.## #.#.#


You could see an ogre, a friendly hound (summoned) and a friendly crimson imp
(summoned).

Vanquished Creatures
  2 hounds
  An iguana (D:4)
  An orc wizard (D:3)
  6 adders
  5 worms
  A dart slug (D:1)
  11 orcs
  6 ball pythons
  6 bats
  6 endoplasms
  4 giant cockroaches
  7 goblins
  8 hobgoblins
  4 jackals (D:2)
  2 quokkas
  3 frilled lizards
  7 kobolds
  5 rats
85 creatures vanquished.

Vanquished Creatures (collateral kills)
  Eustachio (D:4)
  An orc priest (D:4)
  A hound (D:4)
  2 adders
  4 orcs
  An endoplasm (D:1)
  3 hobgoblins
  A jackal (D:2)
  A quokka (D:1)
  3 ball pythons
  A kobold (D:3)
19 creatures vanquished.

Grand Total: 104 creatures vanquished

Notes
Turn   | Place    | Note
-------+----------+-------------------------------------------
     0 | D:1      | siradein the Draconian Summoner began the quest for the
                  | Orb.
     0 | D:1      | Reached XP level 1. HP: 14/14 MP: 3/3
   600 | D:1      | Reached XP level 2. HP: 19/22 MP: 1/5
   603 | D:1      | Learned a level 2 spell: Call Imp
   872 | D:1      | Found a faded altar of an unknown god.
   952 | D:1      | Reached skill level 1 in Fighting
  1299 | D:2      | Reached XP level 3. HP: 28/28 MP: 3/6
  1303 | D:2      | Learned a level 3 spell: Call Canine Familiar
  2393 | D:2      | Gained mutation: You occasionally shout uncontrollably at
                  | your foes. [mutagenic glow]
  2521 | D:2      | Reached XP level 4. HP: 34/36 MP: 7/7
  3049 | D:3      | Reached skill level 1 in Maces & Flails
  3066 | D:3      | Reached XP level 5. HP: 15/42 MP: 7/9
  3832 | D:3      | Found a runed translucent gate.
  3832 | D:3      | Found a runed translucent gate.
  3832 | D:3      | Found a runed translucent gate.
  3833 | D:3      | Noticed bande's ghost (amateur GrFi)
  4399 | D:4      | Reached skill level 5 in Summonings
  4399 | D:4      | Reached XP level 6. HP: 42/50 MP: 8/10
  4893 | D:4      | Found a stormy altar of Qazlal.
  4919 | D:4      | Noticed Eustachio
  5364 | D:4      | Killed Eustachio
  5579 | D:4      | Found an ancient bone altar of Kikubaaqudgha.
  5628 | D:4      | Became a worshipper of Kikubaaqudgha
  5675 | D:5      | Entered Level 5 of the Dungeon
  5734 | D:5      | Found Getwiz's Antique Weapon Shoppe.
  5757 | D:5      | Your scales start taking on a glossy black colour.
  5757 | D:5      | Reached XP level 7. HP: 48/57 MP: 12/12
  5757 | D:5      | Gained mutation: You are resistant to electric shocks.
                  | (rElec) [Black Draconian growth]
  5822 | D:5      | Noticed Prince Ribbit
  5851 | D:5      | Slain by an ogre

Illustrated notes

Levels and vault maps discovered:
D:1:      wander_arrival_desolate, layout_loops_ring,
          dilly_ecumenical_altar_fadedgnrine, minmay_misc_feat_hallway,
          hex_large
D:2:      layout_loops_cross, chequers_serial_rivers_micro_c,
          minmay_goblin_outpost
D:3:      minmay_diamond_boxcup, layout_rooms, gammafunk_ghost_necromancy
D:4:      layout_loops_cross, grunt_temple_overflow_open, uniq_eustachio
D:5:      layout_rooms, minmay_temple_entry_large_hall, serial_shops, shop,
          uniq_prince_ribbit1

Skill      XL: |  1  2  3  4  5  6 |
---------------+-------------------+-----
Dodging        | 2 3 |  3.4
Fighting       | 1 2 3 |  3.4
Maces & Flails | 1 2 |  2.4
Spellcasting   | 3 |  3.5
Summonings     | 5 |  5.2
Stealth        | |  1.7
Necromancy     | |  0.3

Action                   |  1- 3 |  4- 6 |  7- 9 || total
-------------------------+-------+-------+-------++-------
Melee: Unarmed           |    12 |       |       ||    12
       Dagger            |   125 |       |       ||   125
       Tailslap          |    34 |    16 |     2 ||    52
       Punch             |     1 |       |       ||     1
       Flail             |    10 |   188 |     7 ||   205
       Mace              |    10 |       |       ||    10
 Cast: Summon Small Mamm |     5 |       |       ||     5
       Call Imp          |    11 |    20 |     1 ||    32
       Call Canine Famil |       |     5 |     1 ||     6
  Use: Scroll            |       |     1 |       ||     1
 Stab: Sleeping          |     4 |     3 |       ||     7
       Distracted        |       |     3 |       ||     3
Armor: Skin              |    44 |   103 |     2 ||   149
Dodge: Dodged            |    89 |   194 |     9 ||   292

Table legend: (Time is in decaauts)
 A = Elapsed time spent in this place.
 B = Non-inter-level travel time spent in this place.
 C = Inter-level travel time spent in this place.
 D = Time resting spent in this place.
 E = Time spent auto-exploring this place.
 F = Levels seen in this place.
 G = Mean time per level.
                   A        B        C        D        E       F      G
               +--------+--------+--------+--------+--------+-----+--------+
         Total |   5887 |   5705 |    182 |    563 |   3982 |   5 | 1177.4 |
       Dungeon |   5887 |   5705 |    182 |    563 |   3982 |   5 | 1177.4 |
               +--------+--------+--------+--------+--------+-----+--------+

Top non-repeatable levels by time:
     D:3: 1855 daAuts
     D:2: 1473 daAuts
     D:1: 1275 daAuts
     D:4: 1157 daAuts
     D:5: 125 daAuts
